 Dungeon Crawl Stone Soup version 0.30.1-11-g7821555f0a (webtiles) character file.

Game seed: 17792953671710473938

130 BiteMe the Firebug (level 4, -2/30 HPs)
             Began as a Demonspawn Fire Elementalist on Dec 24, 2023.
             Slain by an orc
             ... wielding a +0 mace
              (5 damage)
             ... on level 3 of the Dungeon.
             The game lasted 00:27:22 (4259 turns).

BiteMe the Firebug (Demonspawn Fire Elementalist)   Turns: 4259, Time: 00:27:23

Health: -2/30      AC:  2    Str:  9    XL:     4   Next: 90%
Magic:  2/8        EV: 12    Int: 24    God:
Gold:   156        SH:  0    Dex: 13    Spells: 6/9 levels left

rFire   . . .        s - +9 great sword of Gehenna {freeze, rPois}
rCold   . . .        (shield currently unavailable)
rNeg    . . .        a - +0 robe
rPois   +            (helmet restricted)
rElec   .            (no cloak)
rCorr   .            (no gloves)
SInv    .            (no boots)
Will    .....        (no amulet)
Stlth   ++           y - +6 ring of intelligence
HPRegen 0.25/turn    (no ring)
MPRegen 0.11/turn

%: no passive effects
@: no status effects
A: horns 1
a: no special abilities


You were on level 3 of the Dungeon.
You visited 1 branch of the dungeon, and saw 3 of its levels.

You collected 156 gold pieces.

Inventory:

Hand Weapons
 c - a +0 mace
 f - a +4 whip
 h - a +0 flail
 s - the +9 great sword of Gehenna (weapon) {freeze, rPois}
   (You found it on level 3 of the Dungeon)

   rPois:     It protects you from poison.
 x - a +0 short sword
Armour
 a - a +0 robe (worn)
 k - a +0 ring mail
 l - a +0 leather armour
Jewellery
 j - a ring of see invisible
 y - a +6 ring of intelligence (left hand)
Scrolls
 i - a scroll of teleportation {unknown}
 m - 3 scrolls of poison
 n - a scroll of amnesia {unknown}
 o - a scroll of noise {unknown}
 p - a scroll of blinking {unknown}
 r - 3 scrolls of fear
 u - 2 scrolls of enchant armour
 v - a scroll of vulnerability {unknown}
 z - a scroll of fog
Potions
 b - a potion of magic
 d - 4 potions of curing
 e - 2 potions of brilliance {unknown}
 g - 4 potions of haste
 q - a potion of might {unknown}
 w - a potion of invisibility {unknown}


   Skills:
 - Level 0.3 Maces & Flails
 + Level 2.0 Dodging
 - Level 2.1 Stealth
 + Level 3.0 Spellcasting
 + Level 2.3 Conjurations
 + Level 3.6 Fire Magic


You had 6 spell levels left.
You knew the following spells:

 Your Spells              Type           Power      Damage    Failure   Level
a - Foxfire               Conj/Fire      72%        2x1d7     3%          1
b - Scorch                Fire           42%        2d7       3%          2

Your spell library contained the following spells:

 Spells                   Type           Power      Damage    Failure   Level
 Inner Flame              Hex/Fire       12%        N/A       16%         3
 Volatile Blastmotes      Fire/Tloc      24%        2d12      16%         3
 Flame Wave               Conj/Fire      18%        2d7       30%         4


Dungeon Overview and Level Annotations

Branches:
Dungeon (3/15)

Altars:


Innate Abilities, Weirdness & Mutations

You have a pair of small horns on your head.


Message History

An orc comes into view. It is wielding a +0 dagger.
The orc shouts!
The hobgoblin shouts!
You slice the hobgoblin!! You freeze the hobgoblin.
You kill the hobgoblin!
You hear a shout!
A hobgoblin comes into view.
An orc comes into view.
It is wielding a +0 mace and wearing a +1 leather armour of cold resistance.
An orc comes into view. It is wielding a +0 hand axe.
The hobgoblin hits you. The orc completely misses you.
The orc closely misses you.
The hobgoblin hits you but does no damage.
Casting: Foxfire (safe; 3% risk of failure)
Confirm with . or Enter, or press ? or * to list all spells.
Flames lash the orc.
The orc is heavily wounded.
The orc's fire resistance burns away.
The orc hits you with a +0 dagger. The orc hits you with a +0 morningstar!
The hobgoblin barely misses you.
Casting: Scorch (safe; 3% risk of failure)
Confirm with . or Enter, or press ? or * to list all spells.
Flames lash the orc.
The orc is heavily wounded.
The orc's fire resistance burns away.
The orc misses you. The orc barely misses you. The hobgoblin barely misses you.
The orc hits you with a +0 dagger.
Casting: Scorch (safe; 3% risk of failure)
Confirm with . or Enter, or press ? or * to list all spells.
Flames lash the orc.
The orc is burned terribly!
You kill the orc!
You hear the slow rusting of a drain nearby.
The orc hits you with a +0 dagger. The orc barely misses you.
The hobgoblin barely misses you.
You slash the orc! You freeze the orc.
You kill the orc!
The orc hits you with a +0 dagger. The hobgoblin hits you.
* * * LOW HITPOINT WARNING * * *
The hobgoblin closely misses you. The orc hits you but does no damage.
The hobgoblin hits you.
* * * LOW HITPOINT WARNING * * *
The hobgoblin closely misses you. The orc hits you with a +0 mace.
You die...

*,,,*,,,,*,,*#.......>...
*,,,,*,,*...######...#.##
*,,,,,**,...# ##.##...
*,,,,,##,...# #.#*,##
***,**#.#...# ####.##.#
*,,*#..#..# ##.....S.#
**,*#...#.###..#####.#
*,**#)g.##.....# *,#*
*,**#@o.##.....# *,,,
*,*#.go#...#...#***,**
*,*#..#...#.#.....#,**
*,*#$#.....#.......,**
*,*##........##...#***
*,* ##########*#### *,*
*,,,**,,,* *,* **,***,,,*
*,* *,,,,,,,*


You could see 2 orcs and 2 hobgoblins.

Vanquished Creatures
  7 adders (D:2)
  A worm (D:2)
  2 dart slugs (D:2)
  2 orcs (D:3)
  8 endoplasms
  2 giant cockroaches (D:2)
  2 goblins
  4 hobgoblins
  5 jackals
  5 kobolds
  A quokka (D:2)
  9 ball pythons
  4 bats
  A frilled lizard (D:2)
  6 rats
59 creatures vanquished.

Vanquished Creatures (others)
  141 foxfires
141 creatures vanquished.

Grand Total: 200 creatures vanquished

Notes
Turn   | Place    | Note
-------+----------+-------------------------------------------
     0 | D:1      | BiteMe the Demonspawn Fire Elementalist began the quest for
                  | the Orb.
     0 | D:1      | Reached XP level 1. HP: 13/13 MP: 3/3
   421 | D:1      | Gained mutation: You have a pair of small horns on your
                  | head. [demonic ancestry]
   421 | D:1      | Reached XP level 2. HP: 19/19 MP: 0/5
  2135 | D:2      | Reached XP level 3. HP: 24/24 MP: 2/6
  2641 | D:2      | Reached XP level 4. HP: 30/30 MP: 4/8
  2758 | D:2      | Learned a level 2 spell: Scorch
  4231 | D:3      | Identified the +9 great sword of Gehenna {freeze, rPois}
  4259 | D:3      | Slain by an orc

Illustrated notes

Levels and vault maps discovered:
D:1:      minmay_arrival_five_plusses, layout_basic, dreamdust_princess_bridge
D:2:      minmay_razor_zed, layout_basic, minmay_snake_closets
D:3:      layout_loops_ring, cheibrodos_sewer_entry_sluice, amethyst_killhole,
          hangedman_decor_slide_cut

Skill      XL: |  1  2  3  4 |
---------------+-------------+-----
Fire Magic     | 3 |  3.6
Stealth        | 2 |  2.1
Dodging        | 2 |  2.0
Conjurations   | 2 |  2.3
Spellcasting   | 3 |  3.0
Maces & Flails | |  0.3

Action                     |  1- 3 |  4- 6 || total
---------------------------+-------+-------++-------
  Melee: Mace              |     9 |       ||     9
         Whip              |    27 |     4 ||    31
         Headbutt          |     1 |       ||     1
         Great sword       |       |     3 ||     3
   Cast: Foxfire           |    45 |    37 ||    82
         Scorch            |       |     5 ||     5
    Use: Scroll            |       |     7 ||     7
 Armour: Robe              |     9 |     3 ||    12
  Dodge: Dodged            |    30 |    21 ||    51
